 Dungeon Crawl Stone Soup version 0.18-a0-1782-gb76a692 (webtiles) character file.

218112 TheGoonsmith the Fighter (level 19, -14/152 HPs)
             Began as a Merfolk Ice Elementalist on Apr 17, 2016.
             Was the Champion of Ashenzari.
             Shot with an arrow by a satyr (21 damage)
             ... on level 2 of the Shoals.
             The game lasted 02:14:37 (36997 turns).

TheGoonsmith the Fighter (MfIE)                    Turns: 36997, Time: 02:14:40

Health: -14/152    AC: 30    Str: 12    XL:     19   Next: 10%
Magic:  16/35      EV: 33    Int: 18    God:    Ashenzari [******]
Gold:   742        SH:  6    Dex: 19    Spells: 7 memorised, 11 levels left

rFire  + . .     SeeInvis +     j - +8 halberd of Untimely Demise {drain, *Contam +Inv Dex+3} (curse)
rCold  + . .     Gourm    .     S - +2 robe {rC+ rF+} (curse)
rNeg   . . .     Faith    .     (shield currently unavailable)
rPois  +         Spirit   .     G - +2 helmet (curse)
rElec  .         Dismiss  .     H - +2 cloak (curse)
rCorr  .         Reflect  +     U - +3 pair of gauntlets of War {Slay+5} (curse)
SustAt .         Harm     .     (boots currently unavailable)
MR     +....     Clarity  +     Q - +6 amulet of reflection (curse)
Stlth  ++++......               X - +4 ring of slaying (curse)
                                V - ring of poison resistance

@: icy armour, no potions, glowing, very quick, somewhat resistant to hostile
enchantments, stealthy
A: change form in water, swift swim, rough black scales 1, camouflage 1, blink,
shaggy fur 1, strong 1
a: Blink, Curse Item, Scrying, Transfer Knowledge, Renounce Religion, Evoke
Invisibility
}: 1/15 runes: serpentine


You were on level 2 of the Shoals.
You worshipped Ashenzari.
Ashenzari was exalted by your worship.
You were near starving.

You visited 5 branches of the dungeon, and saw 31 of its levels.
You also visited: Sewer, Bailey and Ice Cave.

You collected 3240 gold pieces.
You spent 2498 gold pieces at shops.

Inventory:

Hand Weapons
 j - the cursed +8 halberd of Untimely Demise (weapon) {drain, *Contam +Inv Dex+3}
   (You acquired it on level 2 of the Orcish Mines)

   A truly terrible weapon, it drains the life of those it strikes.
   It affects your dexterity (+3).
   It lets you turn invisible.
   It causes magical contamination when unequipped.
   It has a curse placed upon it.
Missiles
 y - 41 tomahawks of returning (quivered)
Armour
 e - a cursed +2 pair of boots (melded)
 G - a cursed +2 helmet (worn)
 H - a cursed +2 cloak (worn)
 S - a cursed +2 robe of resistance (worn)
 U - the cursed +3 pair of gauntlets of War (worn) {Slay+5}
   (You found it on level 13 of the Dungeon)

   It affects your accuracy and damage with ranged weapons and melee attacks
   (+5).
   It has a curse placed upon it.
Jewellery
 Q - a cursed +6 amulet of reflection (around neck)
 V - a ring of poison resistance (left hand)
 X - a cursed +4 ring of slaying (right hand)
Wands
 m - a wand of digging (5/24)
Scrolls
 h - 10 scrolls of teleportation
 l - 2 scrolls of blinking
 p - 4 scrolls of remove curse
 r - 17 scrolls of identify
 t - 4 scrolls of fear
 C - a scroll of recharging
 E - 3 scrolls of amnesia
 F - 3 scrolls of fog
 I - 3 scrolls of magic mapping
Potions
 a - a potion of agility
 f - a potion of cure mutation
 g - 2 potions of invisibility
 i - a potion of haste
 o - 3 potions of ambrosia
 q - 3 potions of lignification
 v - 6 potions of brilliance
 w - 9 potions of flight
 x - a potion of resistance
 A - 13 potions of curing
 B - 7 potions of heal wounds
 D - 3 potions of magic
 J - 4 potions of cancellation
 K - 2 potions of might
Miscellaneous
 b - a lamp of fire
 n - a phial of floods
 s - a stone of tremors
 z - a box of beasts
Comestibles
 c - 8 bread rations
 k - a meat ration
 u - 7 fruits
 W - 3 royal jellies


   Skills:
 - Level 14.1 Fighting
 - Level 12.9(18.3) Polearms
 - Level 7.1 Armour
 - Level 12.1(16.2) Dodging
 - Level 10.0(14.3) Stealth
 + Level 12.7 Spellcasting
 - Level 8.1(11.1) Conjurations
 - Level 10.7(13.5) Charms
 - Level 9.2(12.1) Summonings
 - Level 12.6(15.3) Ice Magic
 - Level 8.3(11.3) Air Magic
 - Level 6.3(9.4) Evocations


You had 11 spell levels left.
You knew the following spells:

 Your Spells              Type           Power        Failure   Level  Hunger
a - Freeze                Ice            ####         0%          1    None
b - Summon Ice Beast      Ice/Summ       ######..     1%          4    ##.....
c - Ozocubu's Refrigerat  Ice            ######....   1%          6    ######.
d - Deflect Missiles      Chrm/Air       ######....   8%          6    ######.
f - Freezing Cloud        Conj/Ice/Air   ######....   8%          6    ######.
z - Shadow Creatures      Summ           N/A          10%         6    ######.
A - Ozocubu's Armour      Chrm/Ice       ######..     1%          3    None


Dungeon Overview and Level Annotations

Branches:
Dungeon (15/15)            Temple (0/1) D:4            Lair (8/8) D:8
 Shoals (2/4) Lair:5        Snake (4/4) Lair:6        Slime (0/6) Lair:7
    Orc (2/2) D:11            Elf (0/3) Orc:2        Vaults (0/5) D:13
 Depths (0/5) D:15

Altars:
Ashenzari
Cheibriados
Dithmenos
Fedhas
Kikubaaqudgha
Okawaru
Pakellas
Qazlal
Ru
Sif Muna
Trog
Vehumet
Yredelemnul
Zin
Beogh
Jiyva

Shops:
D:4 }   D:8 *   D:15 *:   Orc:2 *?(}:

Annotations:
D:8 exclusion: ice statue
D:13 exclusion: 2 statues
Lair:2 exclusion: oklob plant


Innate Abilities, Weirdness & Mutations

You revert to your normal form in water.
You are very nimble and swift while swimming.
You are partially covered in rough black scales (AC +4, Dex -1).
Your skin changes colour to match your surroundings (Stealth).
You can translocate small distances at will.
You are covered in fur (AC +1).
Your muscles are strong. (Str +2)


Message History

The heat is drained from your surroundings.
You resist.
You feel very cold.
* * * LOW HITPOINT WARNING * * *
The plants, the satyr and the fauns are frozen.
The plant is almost destroyed.
You destroy the plant!
The plant is almost destroyed.
The plant is severely damaged. x2
The plant is almost destroyed.
You destroy the plant! x3
The plant is almost destroyed.
You destroy the plant!
The plant is heavily damaged.
The plant is severely damaged. x2
The satyr is almost dead.
You kill the faun! x2
You hear a splash. x2
You are near starving!
The satyr shoots an arrow.
The arrow hits you!!
You die...

≈≈,, ,, * * ≈, ,≈≈, *, , , *
*#.........,≈≈,* , ≈ , ,,
#...≈..PP., ,* , , ≈≈, ,,,,*
##...≈P≈...,≈.* #... ≈ , * ,,*
##...P≈≈P.≈PP..###... ≈≈ ,*
,(###...≈≈≈≈≈≈≈P......... ≈ ≈,,*
,......P≈≈≈≈≈P≈.......... ≈ ,
,,,(....))≈(≈≈≈≈≈≈≈......≈≈ ≈ ≈
≈)..≈c≈@≈≈(((≈≈P≈.≈≈≈≈≈≈ ≈ ≈ ≈
≈((≈≈()≈(≈≈≈(≈≈≈≈≈≈≈≈≈≈≈≈ ≈≈≈≈≈≈
≈≈(≈(≈≈≈(((((≈≈≈≈≈≈≈≈≈≈≈≈ ≈ ≈≈ ≈≈
≈≈≈≈≈≈≈"(≈≈(≈≈≈≈≈≈≈≈≈≈≈≈ ≈ ≈ ≈
≈≈≈≈≈≈≈≈(≈(≈≈≈≈≈≈≈≈≈≈≈≈≈
≈≈≈≈≈≈≈≈≈≈≈≈≈≈≈≈≈≈≈≈≈≈≈≈≈≈
≈≈≈≈≈≈≈≈≈≈≈≈≈≈≈≈≈≈≈≈≈≈≈≈≈≈≈≈≈≈≈≈≈
≈ ≈ ≈≈≈≈≈≈≈≈≈≈≈≈≈≈≈≈≈≈≈≈≈≈≈≈≈ ≈≈
≈ ≈≈≈ ≈≈≈≈≈≈≈≈≈≈≈≈≈≈≈≈≈≈≈≈≈≈≈≈


You could see a satyr.

Vanquished Creatures
  Vashnia (Snake:3)
  Kirke (Lair:7)
  Frances (D:13)
  Gastronok (Orc:1)
  11 greater nagas
  A frost giant (IceCv)
  Maud (Lair:7)
  Nessos (D:13)
  A dire elephant (D:15)
  Josephine (D:10)
  Erolcha (Orc:1)
  Harold (Orc:1)
  2 catoblepae (D:14)
  18 naga warriors
  The ghost of gg19 the Ogre Mage, a novice OgTm of Elyvilon (D:8)
  9 anacondas
  5 hydras
  An ogre mage (Orc:2)
  5 centaur warriors
  An alligator snapping turtle (Shoals:2)
  A satyr (Shoals:2)
  A tengu warrior (D:15)
  A death yak (IceCv)
  8 shock serpents
  17 naga sharpshooters
  10 skeletal warriors
  An unseen horror (D:15)
  15 sea snakes
  5 naga ritualists
  A wizard (D:14)
  12 hill giants
  7 orc sorcerers (Orc:2)
  5 harpies (Shoals:1)
  2 orc knights
  3 griffons (Shoals:1)
  3 deep elf magi
  5 ugly things
  14 mana vipers
  10 fauns
  4 manticores
  7 salamanders
  2 cyclopes
  A wolf spider (D:15)
  9 elephants
  A water nymph (Shoals:1)
  3 sirens
  10 guardian serpents
  Psyche (D:8)
  38 black mambas
  A gargoyle (D:14)
  14 spiny frogs
  11 naga magi
  4 rime drakes
  5 centaur skeletons
  11 yaktaurs
  5 komodo dragons
  A tengu conjurer (D:15)
  The ghost of edsrzf the Chopper, an amateur HOBe of Trog (D:4)
  5 trolls
  A spriggan druid (Lair:8)
  20 polar bears
  3 merfolk
  A queen bee (D:11)
  Prince Ribbit (D:9)
  4 two-headed ogres
  9 slime creatures
  24 blink frogs
  A boulder beetle (Lair:8)
  Sigmund (D:4)
  3 snapping turtles
  12 spriggans
  4 redbacks (Lair:8)
  A shadow (D:14)
  A water elemental (Shoals:1)
  2 centaur simulacra (D:14)
  2 vampires
  Eustachio (D:4)
  5 wraiths
  2 hungry ghosts (D:11)
  3 wyverns
  A fire elemental (Orc:2)
  A hog (Lair:7)
  2 basilisks
  88 yaks
  7 hippogriffs
  7 vampire mosquitoes
  Menkaure (D:4)
  A soldier ant (D:14)
  51 nagas
  7 water moccasins
  5 wargs
  11 porcupines
  14 ice beasts
  5 sky beasts
  15 orc warriors
  8 black bears
  3 wasps (Lair:8)
  12 ogres
  33 wolves
  4 phantoms
  A boggart (D:13)
  16 centaurs
  14 crocodiles
  10 big kobolds
  17 giant frogs
  5 scorpions
  A water moccasin skeleton (D:9)
  A wyvern skeleton (D:12)
  28 killer bees
  7 wights
  A howler monkey (D:9)
  9 crimson imps
  6 centaur zombies
  2 quasits
  2 giant frog zombies
  35 orc wizards
  6 orc priests
  10 hounds
  5 jellies
  Jessica (D:8)
  5 giant frog skeletons
  7 iguanas
  6 worker ants
  29 sheep
  A hound skeleton (D:4)
  A gnoll (Bailey)
  12 adders
  47 river rats
  5 shadow imps
  2 adder zombies
  An adder skeleton (D:4)
  3 worms
  5 dart slugs
  6 giant geckos
  61 orcs
  6 ball pythons
  10 giant cockroaches
  13 goblins
  8 hobgoblins
  2 jackals (D:5)
  71 kobolds
  7 quokkas
  5 bats
  A giant gecko skeleton (D:5)
  4 giant newts
  A jackal zombie (D:5)
  A quokka skeleton (D:4)
  3 quokka zombies
  30 rats
  9 fungi
  15 plants
1250 creatures vanquished.

Vanquished Creatures (collateral kills)
  Rupert (D:15)
  A greater naga (Snake:2)
  4 hydras
  A centaur warrior (D:15)
  3 naga sharpshooters
  A shock serpent (Snake:3)
  A tengu warrior (D:15)
  A salamander mystic (Snake:4)
  An orc knight (Orc:1)
  2 naga ritualists (Snake:3)
  3 orc sorcerers (Orc:2)
  A salamander (Snake:2)
  2 griffons (Lair:5)
  2 ugly things (D:15)
  A manticore (Lair:5)
  A naga mage (Snake:1)
  A guardian serpent (Snake:4)
  2 black mambas
  An elephant (Lair:7)
  A gargoyle (D:10)
  2 spiny frogs
  A yaktaur (D:15)
  A blink frog (Lair:2)
  15 yaks
  A spriggan (Lair:8)
  A basilisk (Lair:3)
  A hungry ghost (D:15)
  A hippogriff (Lair:5)
  7 nagas
  A water moccasin (Lair:4)
  2 porcupines
  An ice beast (Lair:7)
  An orc warrior (Orc:2)
  A black bear (Lair:8)
  2 wolves
  5 centaurs (D:15)
  A crocodile (Lair:3)
  A giant frog (Lair:6)
  An electric eel (Lair:7)
  A crimson imp (D:15)
  2 orc priests
  3 orc wizards (Orc:2)
  2 sheep
  13 river rats
  3 orcs
  A kobold (D:11)
  A plant (Lair:5)
103 creatures vanquished.

Vanquished Creatures (others)
  A naga sharpshooter (Snake:4)
  A skeletal warrior (D:14)
  A manticore (D:13)
  A faun (Shoals:2)
  A black mamba (Snake:4)
  A polar bear (IceCv)
  A yak (IceCv)
  2 humans (Lair:7)
  A centaur (D:15)
  12 fungi
  8 plants
30 creatures vanquished.

Grand Total: 1383 creatures vanquished

Notes
Turn   | Place    | Note
--------------------------------------------------------------
     0 | D:1      | TheGoonsmith the Merfolk Ice Elementalist began the quest for the Orb.
     0 | D:1      | Reached XP level 1. HP: 13/13 MP: 3/3
   108 | D:1      | Found a shattered altar of Ashenzari.
   118 | D:1      | Became a worshipper of Ashenzari the Shackled
   152 | D:1      | Reached XP level 2. HP: 14/19 MP: 1/5
   497 | D:1      | Reached XP level 3. HP: 24/24 MP: 6/6
   908 | D:2      | Learned a level 3 spell: Ozocubu's Armour
   962 | D:2      | Reached skill level 5 in Ice Magic
  1236 | D:2      | Reached XP level 4. HP: 29/30 MP: 3/7
  1404 | D:3      | Reached skill level 1 in Charms
  1581 | D:3      | Found a glowing drain.
  1593 | Sewer    | Entered a sewer
  1776 | Sewer    | Reached skill level 1 in Polearms
  1942 | Sewer    | Noticed a big kobold
  1959 | Sewer    | Reached XP level 5. HP: 34/35 MP: 4/8
  1992 | Sewer    | Killed a big kobold
  2022 | Sewer    | Reached * piety under Ashenzari
  2068 | Sewer    | Reached skill level 5 in Polearms
  2115 | Sewer    | Reached XP level 6. HP: 37/41 MP: 9/9
  2506 | D:3      | Learned a level 4 spell: Summon Ice Beast
  2744 | D:3      | Found a stormy altar of Qazlal.
  2815 | D:3      | Found a faded altar to an unknown god.
  3066 | D:4      | Noticed edsrzf's ghost (amateur HOBe)
  3085 | D:4      | Killed edsrzf's ghost
  3085 | D:4      | Reached skill level 4 in Fighting
  3085 | D:4      | Reached XP level 7. HP: 22/54 MP: 7/10
  3291 | D:4      | Found an oddly glowing altar of Pakellas.
  3291 | D:4      | Found Pakellas's Prime Provisions.
  3303 | D:4      | Noticed Menkaure
  3324 | D:4      | Killed Menkaure
  3604 | D:4      | Noticed Sigmund
  3625 | D:4      | Killed Sigmund
  3625 | D:4      | Reached XP level 8. HP: 53/60 MP: 7/11
  3685 | D:4      | Found a staircase to the Ecumenical Temple.
  3760 | D:4      | Noticed Eustachio
  3777 | D:4      | Killed Eustachio
  3777 | D:4      | Reached skill level 10 in Polearms
  4243 | D:5      | Entered Level 5 of the Dungeon
  4575 | D:5      | Found an iron altar of Okawaru.
  4644 | D:5      | Reached XP level 9. HP: 57/65 MP: 12/12
  4803 | D:5      | Identified the +4 dagger "Odugeth" {pain, +Rage}
  4850 | D:5      | Found a snail-covered altar of Cheibriados.
  5078 | D:6      | Reached skill level 1 in Summonings
  5820 | D:7      | Found a shadowy altar of Dithmenos.
  6391 | D:7      | Reached ** piety under Ashenzari
  6847 | D:8      | Reached XP level 10. HP: 63/71 MP: 16/16
  6863 | D:8      | Found Peneptapt's Assorted Antiques.
  6884 | D:8      | Bought a helmet for 117 gold pieces
  6884 | D:8      | Bought a scroll of identify for 52 gold pieces
  6884 | D:8      | Bought a garnet ring for 130 gold pieces
  6889 | D:8      | Reached skill level 5 in Dodging
  6946 | D:8      | Noticed gg19's ghost (novice OgTm)
  6972 | D:8      | Noticed Psyche
  7023 | D:8      | Killed gg19's ghost
  7064 | D:8      | Killed Psyche
  7066 | D:8      | Noticed an ice statue
  7378 | D:8      | Found a staircase to the Lair.
  7399 | D:8      | Found a bloodstained altar of Trog.
  7422 | D:8      | Reached skill level 10 in Dodging
  7675 | D:8      | Found a glowing silver altar of Zin.
  7690 | D:8      | Noticed Jessica
  7696 | D:8      | Killed Jessica
  7699 | D:8      | Found a deep blue altar of Sif Muna.
  7870 | D:9      | Found a flagged portal.
  7931 | D:9      | Reached skill level 5 in Fighting
  7953 | D:9      | Reached skill level 6 in Fighting
  8037 | D:9      | Noticed Prince Ribbit
  8049 | D:9      | Killed Prince Ribbit
  8083 | D:9      | Reached skill level 7 in Fighting
  8095 | D:9      | Reached XP level 11. HP: 61/84 MP: 17/17
  8115 | D:9      | Reached skill level 8 in Fighting
  8197 | Bailey   | Entered a bailey
  8320 | Bailey   | Noticed an orc knight
  8352 | Bailey   | Killed an orc knight
  8387 | Bailey   | Reached skill level 9 in Fighting
  8657 | Bailey   | Got the uncursed pair of gloves of Watchfulness {rPois}
  8969 | D:9      | Found a radiant altar of Vehumet.
  9153 | D:9      | Found a sacrificial altar of Ru.
  9378 | D:9      | Identified the -3 pair of gloves of Watchfulness {rPois} (You found it in a bailey)
  9435 | D:9      | Found a blossoming altar of Fedhas.
  9491 | D:9      | Reached skill level 10 in Fighting
  9529 | D:10     | Entered Level 10 of the Dungeon
  9773 | D:10     | Reached skill level 1 in Armour
  9829 | D:10     | Reached *** piety under Ashenzari
 10174 | D:11     | Noticed Josephine
 10193 | D:10     | Killed Josephine
 10193 | D:10     | Reached skill level 5 in Spellcasting
 10627 | Lair:1   | Entered Level 1 of the Lair of Beasts
 10677 | Lair:1   | Reached skill level 1 in Evocations
 11341 | Lair:2   | Learned a level 6 spell: Shadow Creatures
 11354 | Lair:2   | Noticed a four-headed hydra
 11362 | Lair:2   | Killed a four-headed hydra
 11440 | Lair:2   | Noticed an oklob plant
 11490 | Lair:2   | Noticed a five-headed hydra
 11500 | Lair:2   | Reached skill level 5 in Summonings
 11527 | Lair:1   | Reached XP level 12. HP: 18/97 MP: 3/21
 12720 | D:11     | Reached **** piety under Ashenzari
 13048 | D:11     | Found a staircase to the Orcish Mines.
 13190 | Lair:1   | Killed a five-headed hydra
 13400 | Lair:2   | Identified the ring "Woineoma" {rC+ MR+ MP+9 Int+2}
 13635 | Lair:2   | Identified the cursed +1 robe of Dauza {-Cast rF+++ rN+ Str+3}
 13890 | Lair:3   | Identified the cursed +1 quarterstaff of the Sky {freeze, rF+ Int+3}
 14450 | Lair:3   | Noticed a five-headed hydra
 14466 | Lair:3   | Killed a five-headed hydra
 14466 | Lair:3   | Reached XP level 13. HP: 85/103 MP: 11/26
 15061 | Lair:3   | Reached skill level 10 in Spellcasting
 15374 | Lair:4   | Reached ***** piety under Ashenzari
 16399 | Lair:5   | Found a staircase to the Shoals.
 16573 | Lair:5   | Gained mutation: You are covered in fur (AC +1). [potion of mutation]
 16573 | Lair:5   | Gained mutation: You can translocate small distances at will. [potion of mutation]
 16573 | Lair:5   | Gained mutation: Your skin changes colour to match your surroundings (Stealth). [potion of mutation]
 16574 | Lair:5   | Gained mutation: You are partially covered in rough black scales (AC +4, Dex -1). [potion of beneficial mutation]
 17184 | Lair:6   | Found a staircase to the Snake Pit.
 17251 | Lair:6   | Reached skill level 11 in Fighting
 17643 | Lair:7   | Found a frozen archway.
 17694 | IceCv    | Entered an ice cave
 17909 | IceCv    | Reached skill level 12 in Fighting
 18138 | IceCv    | Reached XP level 14. HP: 112/115 MP: 24/28
 18381 | IceCv    | Noticed a frost giant
 18402 | IceCv    | Reached skill level 13 in Fighting
 18434 | IceCv    | Killed a frost giant
 18524 | IceCv    | Identified Reytatar's Compendium of Ice
 19210 | Lair:7   | Noticed Kirke
 19213 | Lair:7   | Noticed a sphinx
 19255 | Lair:7   | Killed Kirke
 19255 | Lair:7   | Reached skill level 14 in Fighting
 19356 | Lair:7   | Noticed Maud
 19367 | Lair:7   | Killed Maud
 19367 | Lair:7   | Reached skill level 5 in Evocations
 19892 | Lair:7   | Found a staircase to the Slime Pits.
 19893 | Lair:7   | Found a viscous altar of Jiyva.
 20235 | Lair:1   | Learned a level 6 spell: Ozocubu's Refrigeration
 20666 | Orc:1    | Entered Level 1 of the Orcish Mines
 20672 | Orc:1    | Noticed Gastronok
 20675 | Orc:1    | Found a roughly hewn altar of Beogh.
 20694 | Orc:1    | Noticed Harold
 20694 | Orc:1    | Killed Gastronok
 20722 | Orc:1    | Killed Harold
 20865 | Orc:1    | Noticed Erolcha
 20882 | Orc:1    | Killed Erolcha
 21164 | Orc:2    | Entered Level 2 of the Orcish Mines
 21166 | Orc:2    | Found Atsub Lulu's Assorted Antiques.
 21228 | Orc:2    | Bought a steaming leather armour for 147 gold pieces
 21228 | Orc:2    | Identified the +3 leather armour of Cesor {+Inv Stlth+} (You bought it in a shop on level 2 of the Orcish Mines)
 21678 | Orc:2    | Found a staircase to the Elven Halls.
 21745 | Orc:2    | Paralysed by an orc sorcerer for 7 turns
 21754 | Orc:2    | Found Lemeqy's Book Shop.
 21802 | Orc:2    | Found an ancient bone altar of Kikubaaqudgha.
 21809 | Orc:2    | Found Denuesupn's Antique Weapon Boutique.
 21828 | Orc:2    | Paralysed by an orc sorcerer for 4 turns
 21840 | Orc:2    | Reached skill level 10 in Ice Magic
 22040 | Orc:2    | Found a radiant altar of Vehumet.
 22055 | Orc:2    | Paralysed by an orc sorcerer for 2 turns
 22072 | Orc:2    | Reached XP level 15. HP: 109/126 MP: 29/29
 22105 | Orc:2    | Found a roughly hewn altar of Beogh.
 22105 | Orc:2    | Found Gyikush's Gadget Boutique.
 22161 | Orc:2    | Found Imnoyk's Magic Scroll Shop.
 22172 | Orc:2    | Bought a scroll of teleportation for 36 gold pieces
 22172 | Orc:2    | Bought a scroll of identify for 24 gold pieces
 22172 | Orc:2    | Bought a scroll of teleportation for 36 gold pieces
 22172 | Orc:2    | Bought a scroll of acquirement for 624 gold pieces
 22172 | Orc:2    | Bought a scroll of brand weapon for 240 gold pieces
 22172 | Orc:2    | Bought a scroll of identify for 24 gold pieces
 22172 | Orc:2    | Bought 2 scrolls of enchant armour for 180 gold pieces
 22240 | Orc:2    | Bought a book of Clouds for 630 gold pieces
 22255 | Orc:2    | Learned a level 6 spell: Freezing Cloud
 22625 | Orc:2    | Bought a glaive for 162 gold pieces
 22629 | Orc:2    | Got the cursed halberd of Untimely Demise {drain, *Contam +Inv Dex+3}
 22630 | Orc:2    | Identified the cursed +8 halberd of Untimely Demise {drain, *Contam +Inv Dex+3} (You acquired it on level 2 of the Orcish Mines)
 23016 | D:11     | Reached skill level 1 in Conjurations
 23020 | D:11     | Reached skill level 1 in Air Magic
 23925 | D:13     | Noticed Nessos
 23934 | D:13     | Killed Nessos
 23975 | D:13     | Found a gate to the Vaults.
 24373 | D:13     | Reached skill level 5 in Air Magic
 24382 | D:13     | Reached skill level 5 in Conjurations
 24566 | D:13     | Reached ****** piety under Ashenzari
 24645 | D:13     | Noticed Frances
 24667 | D:13     | Killed Frances
 25489 | Lair:1   | Learned a level 6 spell: Deflect Missiles
 25626 | Lair:8   | Entered Level 8 of the Lair of Beasts
 26218 | Lair:8   | Reached XP level 16. HP: 133/133 MP: 26/30
 27783 | D:15     | Entered Level 15 of the Dungeon
 28191 | D:15     | Found Taobbud's General Store.
 28565 | D:15     | Bought a potion of heal wounds for 60 gold pieces
 28565 | D:15     | Bought a potion of curing for 36 gold pieces
 28807 | D:15     | Noticed Rupert
 28812 | D:15     | Paralysed by Rupert for 4 turns
 28821 | D:15     | Killed Rupert
 29046 | D:15     | Found Wailout's Book Boutique.
 29291 | D:15     | Found a staircase to the Depths.
 29782 | Snake:1  | Entered Level 1 of the Snake Pit
 30059 | Snake:1  | Reached XP level 17. HP: 126/139 MP: 28/31
 31309 | Snake:2  | Reached skill level 5 in Charms
 31552 | Snake:3  | Noticed Vashnia
 32408 | Snake:3  | Killed Vashnia
 32545 | Snake:3  | Reached skill level 10 in Charms
 32897 | Snake:4  | Entered Level 4 of the Snake Pit
 32961 | Snake:4  | Found a basalt altar of Yredelemnul.
 32998 | Snake:4  | Reached XP level 18. HP: 118/146 MP: 13/34
 33399 | Snake:4  | Reached skill level 5 in Stealth
 34544 | Snake:4  | Reached skill level 10 in Stealth
 35093 | Snake:4  | Reached skill level 5 in Armour
 35430 | Snake:4  | Got a serpentine rune of Zot
 35749 | Lair:1   | Gained mutation: Your muscles are strong. (Str +2) [potion of beneficial mutation]
 35854 | Shoals:1 | Entered Level 1 of the Shoals
 36545 | Shoals:1 | Reached XP level 19. HP: 152/152 MP: 35/35
 36997 | Shoals:2 | HP: 6/152 [frozen (11)]
 36997 | Shoals:2 | Shot with an arrow by a satyr

Vault maps used:
D:1:      roderic_dead_forest, evilmike_ruin_ashenzari
D:3:      nicolae_overflow_crystal_walls, portal_sewer_entry_e, serial_bayou,
          serial_bayou_lagoon_b, serial_bayou_pond_c, serial_bayou_ford_a,
          serial_bayou_pond_d, ecumenical_altar_1, minmay_gold_behind_fungi,
          guppyfry_early_lair_pool
D:4:      johnstein_pakellas_shop, minmay_temple_entry_junction, first_bread,
          uniq_sigmund, uniq_menkaure, uniq_eustachio
D:5:      kennysheep_spiral_hall, slow_altar_2, kennysheep_okawaru_gauntlet
D:7:      grunt_dithmenos_shadows, grunt_ministairs_9, the_bakery, minivault_19
D:8:      lemuel_ice_statue, zin_academy, tgw_sif, erik_lair_orcish_takeover,
          serial_shops, nicolae_shop_statue_plus, trog_book, uniq_psyche
D:9:      fiery_altar_vehumet, nicolae_ru_sacrificial_ziggurat,
          lemuel_round_altar, enter_bailey_8, uniq_prince_ribbit1
D:11:     orc_0_dummy, minivault_7, uniq_josephine
D:12:     kennysheep_generic_room_5
D:13:     hangedman_vaults_entry_quadrant_bands, minmay_dual_archer_statues,
          uniq_frances, uniq_nessos
D:14:     minivault_11
D:15:     hangedman_depths_entry_try_elsewhere_first, serial_shops,
          nicolae_shop_window_shopping, nicolae_shop_behind_doors,
          grunt_ministairs_15, uniq_rupert
Lair:1:   hangedman_lair_unloving_vines, infiniplex_staircase_pool_2,
          grunt_megastairs_2
Lair:2:   minmay_lair_oklob_chamber, beast_lair_carwin_9, serial_bayou_shore_b
Lair:4:   st_stairs_5
Lair:5:   minmay_shoals_entry_beasts, serial_bayou_pond_e, grunt_megastairs_5
Lair:6:   guppyfry_snake_entry_garden, lemuel_old_faithful
Lair:7:   slime_altar_1, portal_ice_cave_entry_ice_beasts, grunt_megastairs_3,
          serial_bayou_shore_b, infiniplex_staircase_pool, lemuel_fruit_fields,
          uniq_maud, uniq_kirke
Lair:8:   minmay_lair_end_enchanted_forest, serial_bayou_pond_d
Snake:1:  grunt_ministairs_11, st_stairs_6
Snake:3:  uniq_vashnia
Snake:4:  grunt_snake_rune_pools, basic_altar
Orc:1:    serial_shops, shop, basic_altar, amalloy_card_club, uniq_harold,
          uniq_erolcha, uniq_gastronok
Orc:2:    kennysheep_orc_mage_school, serial_shops, nicolae_shop_crystal
Sewer:    sewer_minmay_treatment
Bailey:   bailey_axe_1, bailey
IceCv:    ice_cave_caverns_03

Skill      XL: |  1  2  3  4  5  6  7  8  9 10 11 12 13 14 15 16 17 18 |
---------------+-------------------------------------------------------+-----
Ice Magic      | 4 5 7 10 11 12 | 12.6
Charms         | 2 10 | 10.7
Polearms       | 2 5 6 9 12 | 12.9
Fighting       | 4 7 10 12 14 | 14.1
Summonings     | 4 5 8 9 |  9.2
Spellcasting   | 4 6 9 10 12 | 12.7
Dodging        | 4 10 12 | 12.1
Armour         | 1 3 7 |  7.1
Evocations     | 4 6 |  6.3
Conjurations   | 6 8 |  8.1
Air Magic      | 6 8 |  8.3
Stealth        | 10 | 10.0

Action                   |  1- 3 |  4- 6 |  7- 9 | 10-12 | 13-15 | 16-18 | 19-21 || total
-------------------------+-------+-------+-------+-------+-------+-------+-------++-------
Melee: Unarmed           |     2 |       |       |       |       |       |       ||     2
       Whip              |    14 |       |       |       |       |       |       ||    14
       Spear             |    52 |   211 |   367 |  1167 |  1250 |       |       ||  3047
       Tailslap          |       |     3 |       |     2 |       |     5 |     4 ||    14
       Halberd           |       |       |       |       |   483 |  1027 |    71 ||  1581
Throw: Tomahawk          |       |       |       |     1 |       |       |    10 ||    11
 Cast: Freeze            |    21 |     4 |       |     2 |     2 |       |       ||    29
       Ozocubu's Armour  |     3 |     8 |    11 |    35 |    74 |    61 |     3 ||   195
       Summon Ice Beast  |       |       |     1 |    32 |     9 |     1 |       ||    43
       Shadow Creatures  |       |       |       |    12 |    66 |    57 |       ||   135
       Ozocubu's Refrige |       |       |       |       |    12 |     9 |     3 ||    24
       Freezing Cloud    |       |       |       |       |       |    31 |       ||    31
       Deflect Missiles  |       |       |       |       |       |     3 |     1 ||     4
Invok: Curse Item        |       |     2 |     1 |     2 |     4 |       |       ||     9
Evoke: Wand              |       |     1 |       |     2 |     9 |       |       ||    12
  Use: Scroll            |     4 |     6 |     6 |    14 |    14 |    10 |       ||    54
       Potion            |       |     2 |     3 |     4 |     5 |     8 |       ||    22
 Stab: Sleeping          |     3 |     3 |    15 |     5 |    30 |    20 |     4 ||    80
       Distracted        |       |       |     1 |     5 |    10 |    14 |     1 ||    31
       Confused          |       |       |       |       |       |     1 |       ||     1
  Eat: Chunk             |     1 |     7 |     1 |    16 |    35 |    17 |     1 ||    78
       Pizza             |       |       |     1 |       |     2 |     2 |       ||     5
       Meat ration       |       |       |     2 |     3 |     4 |     1 |       ||    10
       Royal jelly       |       |       |     1 |     1 |     1 |     2 |       ||     5
       Beef jerky        |       |       |       |     2 |     1 |     4 |       ||     7
       Bread ration      |       |       |       |     1 |     3 |     6 |       ||    10
       Fruit             |       |       |       |       |     3 |    11 |       ||    14
Armor: Robe              |    16 |       |       |    64 |   227 |   195 |    17 ||   519
       Leather armour    |       |    69 |    40 |    59 |       |       |       ||   168
Dodge: Dodged            |    68 |    95 |    77 |   531 |   767 |   749 |    67 ||  2354
       Deflected         |       |       |       |       |       |    19 |    10 ||    29
Block: Other             |       |       |       |   128 |   241 |   201 |    13 ||   583
       Reflection        |       |       |       |     3 |    14 |    36 |    10 ||    63
